 Dungeon Crawl Stone Soup version 0.17.1-1-g73c8601 (webtiles) character file.

694 Goblin1989 the Martial Artist (level 7, -1/37 HPs)
             Began as a Vine Stalker Monk on Dec 29, 2015.
             Was a Believer of Makhleb.
             Slain by a wight
             ... wielding a +3 halberd of freezing
              (2 damage)
             ... on level 6 of the Dungeon on Dec 30, 2015.
             The game lasted 00:14:28 (2882 turns).

Goblin1989 the Martial Artist (Vine Stalker Monk)   Turns: 2882, Time: 00:14:28

Health: -1/37      AC: 10    Str: 16    XL:     7   Next: 64%
Magic:  0/8        EV:  7    Int: 12    God:    Makhleb [**....]
Gold:   260        SH:  0    Dex: 19    Spells: 0 memorised, 6 levels left

rFire  . . .     SeeInvis +       - Unarmed
rCold  . . .     Clarity  .     t - +1 chain mail "Ampeoj" {Str+3 Dex+2 SInv}
rNeg   . . .     SustAt   .     (no shield)
rPois  .         Gourm    .     u - +0 helmet
rElec  .         Spirit   +     (no cloak)
rCorr  .         Warding  .     (no gloves)
rMut   .         Stasis   .     (no boots)
MR     .....                    (no amulet)
Stlth  ..........               (no ring)
                                (no ring)

@: drained, not resistant to hostile enchantments, extremely unstealthy
A: fangs 2, regeneration 2, magic shield, antimagic bite, no device heal 3, rot
immunity
a: Minor Destruction, Renounce Religion


You were on level 6 of the Dungeon.
You worshipped Makhleb.
Makhleb was pleased with you.
You were hungry.

You visited 2 branches of the dungeon, and saw 7 of its levels.

You collected 260 gold pieces.

Inventory:

Armour
 t - the +1 chain mail "Ampeoj" (worn) {Str+3 Dex+2 SInv}
   (You found it on level 6 of the Dungeon)

   It affects your strength (+3).
   It affects your dexterity (+2).
   It lets you see invisible.
 u - a +0 helmet (worn)
Wands
 p - a wand of paralysis (15)
Scrolls
 a - a scroll of fog {unknown}
 c - a scroll of magic mapping {unknown}
 d - 4 scrolls of identify {unknown}
 e - 4 scrolls of recharging {unknown}
 j - a scroll of enchant armour {unknown}
 l - 5 scrolls of remove curse
 q - a scroll of immolation {unknown}
 r - a scroll of noise {unknown}
 v - a scroll of amnesia {unknown}
Potions
 g - 7 potions of curing {unknown}
 k - 2 potions of poison {unknown}
 m - 2 potions of agility
 n - a potion of brilliance {unknown}
 o - a potion of lignification {unknown}
 s - a potion of degeneration {unknown}
 w - a potion of flight {unknown}
Comestibles
 b - 4 bread rations
 f - 2 royal jellies
 h - a meat ration
 i - 4 beef jerkies


   Skills:
 * Level 3.9(3.5) Fighting
 - Level 2.5(2.1) Dodging
 - Level 2.4(2.0) Stealth
 + Level 8.5(8.0) Unarmed Combat


You had 6 spell levels left.
You didn't know any spells.

Dungeon Overview and Level Annotations

Branches:
Dungeon (6/15)             Temple (1/1) D:6

Altars:
Ashenzari
Elyvilon
Fedhas
Gozag
Kikubaaqudgha
Makhleb
Nemelex Xobeh
Trog
Xom
Yredelemnul


Innate Abilities, Weirdness & Mutations

You have extremely sharp teeth.
You heal very quickly.
When hurt, damage is shared between your health and your magic reserves.
Your bite disrupts and absorbs the magic of your enemies.
Potions and wands cannot restore your health.
You are immune to rotting.


Message History

You feel invigorated.
The wight is heavily damaged.
The wight hits you with a halberd of freezing.
The wight freezes you.
You punch the wight! You bite the wight. You drain its power.
You feel invigorated.
The wight is almost destroyed.
The wight hits you with a halberd of freezing!
* * * LOW HITPOINT WARNING * * *
The wight freezes you.
* * * LOW HITPOINT WARNING * * *
You closely miss the wight. You bite the wight. You drain its power.
You feel invigorated.
The wight is almost destroyed.
The wight hits you with a halberd of freezing!
* * * LOW HITPOINT WARNING * * *
You feel drained.
* * * LOW HITPOINT WARNING * * *
The wight freezes you.
You die...

.............z..##### .
....###.####.######## #.
....###.#.?..#......#.
.......###
......................
..........
.##.....#.####.####.#
....<.#..
>...............#
######....#.# ....#
##........## #....#....#..
....#
#........z##.#.##.#.#..#..
....#
#......##@##.#.........#.#
....# #......
#.#.......#.#..... ....#
#...... #.........#.......
....####......
##........#......#
..............
#.####.#[#.##...#
............ ..
##.#.#.##...# ........#
#.##............ ........#
..#...##.....## ...######
#.#...##.......


You could see a wight.

Vanquished Creatures
  A centaur (D:6)
  A giant frog (D:6)
  A wight (D:6)
  A giant frog zombie (D:3)
  A crimson imp (Temple)
  2 orc priests
  An iguana (D:4)
  3 orc wizards
  A centaur skeleton (D:4)
  2 worker ants
  A hound zombie (D:6)
  Robin (D:4)
  2 adders (D:3)
  2 gnolls
  2 oozes (D:3)
  An adder zombie (D:1)
  2 worms
  3 giant geckos
  13 orcs
  11 goblins
  11 hobgoblins
  7 jackals
  4 kobolds
  3 ball pythons
  2 bats
  3 giant cockroaches
  A giant cockroach zombie (D:1)
  4 giant newts
  A quokka skeleton (D:4)
  9 rats
97 creatures vanquished.

Notes
Turn   | Place    | Note
--------------------------------------------------------------
     0 | D:1      | Goblin1989 the Vine Stalker Monk began the quest for the Orb.
     0 | D:1      | Reached XP level 1. HP: 11/11 MP: 2/2
   105 | D:1      | Reached XP level 2. HP: 16/16 MP: 3/3
   703 | D:2      | Reached XP level 3. HP: 19/19 MP: 4/4
   715 | D:1      | Reached skill level 5 in Unarmed Combat
   966 | D:2      | Found a shimmering altar of Xom.
  1015 | D:2      | Reached XP level 4. HP: 12/23 MP: 2/5
  1273 | D:3      | Reached skill level 6 in Unarmed Combat
  1377 | D:3      | Reached XP level 5. HP: 12/27 MP: 6/6
  1846 | D:4      | Noticed Robin
  1871 | D:4      | Killed Robin
  2078 | D:4      | Reached skill level 7 in Unarmed Combat
  2078 | D:4      | Gained mutation: You heal very quickly. [Vine Stalker growth]
  2078 | D:4      | Reached XP level 6. HP: 23/32 MP: 4/7
  2441 | D:4      | Noticed an ogre
  2441 | D:4      | Noticed a phantom
  2500 | D:5      | Entered Level 5 of the Dungeon
  2535 | D:6      | Reached skill level 8 in Unarmed Combat
  2535 | D:6      | Reached XP level 7. HP: 29/35 MP: 6/8
  2565 | D:6      | Got a slimy chain mail
  2583 | D:6      | Identified the +1 chain mail "Ampeoj" {Str+3 Dex+2 SInv} (You found it on level 6 of the Dungeon)
  2595 | D:6      | Found a staircase to the Ecumenical Temple.
  2601 | Temple   | Entered the Ecumenical Temple
  2609 | Temple   | Became a worshipper of Makhleb the Destroyer
  2609 | Temple   | Reached * piety under Makhleb
  2609 | Temple   | Reached ** piety under Makhleb
  2882 | D:6      | HP: 1/37 [wight/halberd of freezing (1)]
  2882 | D:6      | Slain by a wight

Action                   |  1- 3 |  4- 6 |  7- 9 || total
-------------------------+-------+-------+-------++-------
Melee: Unarmed           |    89 |   210 |    47 ||   346
  Use: Scroll            |       |     1 |       ||     1
 Stab: Sleeping          |     3 |     6 |       ||     9
       Distracted        |       |     1 |       ||     1
  Eat: Chunk             |       |     5 |     1 ||     6
